 Dungeon Crawl Stone Soup version 0.28.0-53-g5a82cb258f (webtiles) character file.

Game seed: 3414604238590115698

29 buhh the Insei (level 3, 0/25 HPs)
             Began as an Octopode Transmuter on June 20, 2022.
             Slain by an orc
             ... wielding a +0 mace
              (4 damage)
             ... on level 2 of the Dungeon.
             The game lasted 00:01:31 (1861 turns).

buhh the Insei (Octopode Transmuter)                Turns: 1861, Time: 00:01:32

Health: 0/25       AC:  1    Str:  9    XL:     3   Next: 16%
Magic:  6/6        EV: 13    Int: 17    God:
Gold:   141        SH:  0    Dex: 12    Spells: 5/6 levels left

rFire   . . .      SeeInvis .     - Unarmed
rCold   . . .      Faith    .   (no shield)
rNeg    . . .      Spirit   .   (helmet currently unavailable)
rPois   .          Reflect  .   (no amulet)
rElec   .          Harm     .   (no ring)
rCorr   .          Rampage  .   (no ring)
Will    .....                   (no ring)
Stlth   +++.......              (no ring)
HPRegen 0.08/turn               (no ring)
MPRegen 0.10/turn               (no ring)
                                (no ring)
                                (no ring)

@: appendages (expiring)
A: tentacle spike 3, almost no armour, amphibious, 8 rings, camouflage 1,
gelatinous body 1, (nimble swimmer 1), tentacles
a: End Transformation


You were on level 2 of the Dungeon.
One of your tentacles had grown a beastly spike.
You visited 1 branch of the dungeon, and saw 2 of its levels.

You collected 141 gold pieces.

Inventory:

Missiles
 a - 3 poisoned darts
Scrolls
 c - 2 scrolls of teleportation {unknown}
 f - 2 scrolls of torment {unknown}
 i - a scroll of identify {unknown}
Potions
 b - a potion of haste {unknown}
 d - 2 potions of curing {unknown}
 e - a potion of brilliance {unknown}
 g - a potion of attraction {unknown}
 h - a potion of heal wounds {unknown}


   Skills:
 + Level 2.9 Fighting
 - Level 2.0 Dodging
 - Level 1.0 Stealth
 - Level 3.0 Unarmed Combat
 - Level 2.0 Spellcasting
 - Level 2.0 Transmutations


You had 5 spell levels left.
You knew the following spells:

 Your Spells              Type           Power      Damage    Failure   Level
a - Beastly Appendage     Tmut           16%        N/A       9%          1

Your spell library contained the following spells:

 Spells                   Type           Power      Damage    Failure   Level
 Wereblood                Tmut           8%         N/A       13%         2
 Spider Form              Tmut/Pois      5%         N/A       36%         3
 Ice Form                 Ice/Tmut       5%         N/A       77%         4


Dungeon Overview and Level Annotations

Branches:
Dungeon (2/15)

Altars:


Innate Abilities, Weirdness & Mutations

One of your tentacles has grown a beastly spike.
You cannot wear most types of armour.
You are amphibious.
You can wear up to eight rings at the same time.
Your skin changes colour to match your surroundings (Stealth+).
Your rubbery body absorbs attacks. (AC +1, EV +1)
((You are camouflaged when in or above water. (Stealth+)))
You have tentacles for arms and can constrict up to eight enemies at once.


Message History

An orc comes into view. It is wielding a +0 club.
You hear a shout!
An orc comes into view. It is wielding a +0 flail.
There is a stone staircase leading up, spattered with blood here.
Casting: Beastly Appendage (safe; 9% risk of failure)
Press: ? - help, Q - select action, (/) - cycle Dir - look around, f - activate One of your tentacles grows a vicious spike.
You tentacle-slap the orc. Your grab misses the orc.
Your tentacle spike misses the orc.
The orc is almost dead.
You closely miss the orc. Your grab misses the orc.
Your squeeze misses the orc.
The orc is almost dead.
The orc hits you with a +0 mace. The orc barely misses you.
You barely miss the orc. You grab the orc.
The orc is almost dead.
You constrict the orc, but do no damage.
The orc hits you with a +0 mace. The orc barely misses you.
You release your grip on the orc.
You barely miss the orc. Your grab misses the orc.
You pierce the orc.
You kill the orc!
You closely miss the orc. Your grab misses the orc.
You pierce the orc.
The orc is almost dead.
The orc hits you with a +0 mace!
* * * LOW HITPOINT WARNING * * *
You tentacle-slap the orc but do no damage.
You grab the orc.
You tentacle-slap the orc, but do no damage.
The orc is almost dead.
You constrict the orc, but do no damage.
The orc hits you with a +0 mace.
* * * LOW HITPOINT WARNING * * *
The orc shouts!
You tentacle-slap the orc but do no damage.
You squeeze the orc, but do no damage.
The orc is almost dead.
Your transformation is almost over.
You constrict the orc, but do no damage.
The orc hits you with a +0 mace.
You die...

..####.###..#................#
.#####.......................#
....####.......###...........#
...............# #...........#
..####.......### #...........#
.......#..##<# ##..........#
......#......### ####.......#
###.#..........#######.....รท.#
##.....####..oo@............#
##......# #.#o#######.......#
........# #.... #.......#
....#...# ####.. #########
....#..##


oo. ...#...### ..o. ...#.#...# ..... .....##### o..).. ..>### You could see 3
orcs.

Vanquished Creatures
  A worm (D:2)
  An orc (D:2)
  A ball python (D:2)
  3 endoplasms (D:1)
  A giant cockroach (D:2)
  2 goblins
  3 hobgoblins
  A quokka (D:1)
  5 bats (D:2)
  2 frilled lizards
  3 kobolds
23 creatures vanquished.

Notes
Turn   | Place    | Note
-------+----------+-------------------------------------------
     0 | D:1      | buhh the Octopode Transmuter began the quest for the Orb.
     0 | D:1      | Reached XP level 1. HP: 13/13 MP: 3/3
   582 | D:1      | Reached XP level 2. HP: 17/19 MP: 3/5
  1034 | D:2      | Found a faded altar of an unknown god.
  1643 | D:2      | Reached XP level 3. HP: 25/25 MP: 4/6
  1861 | D:2      | Slain by an orc

Illustrated notes

Levels and vault maps discovered:
D:1:      minmay_arrival_semitransparent, layout_loops_corners,
          minmay_misc_feat_ornament, chequers_serial_rivers_room_b,
          glass_columns_a
D:2:      layout_rooms, ebering_ecumenical_altar_webs

Skill      XL: |  1  2 |
---------------+-------+-----
Stealth        | 1 |  1.0
Fighting       | 2 |  2.9
Dodging        | |  2.0
Unarmed Combat | |  3.0
Spellcasting   | |  2.0
Transmutations | |  2.0

Action                   || total
-------------------------++-------
Melee: Unarmed           ||    56
       Kick              ||    15
       Constrict         ||    13
       Tentacles         ||     8
       Punch             ||     3
 Cast: Beastly Appendage ||    17
 Stab: Sleeping          ||     6
Armor: Skin              ||     3
Dodge: Dodged            ||    24
